 Dungeon Crawl Stone Soup version 0.29-a0-334-gb41bcbb86e (webtiles) character file.

Game seed: 9195997807320929923

5139 Dauddaud the Archer (level 10, -5/88 HPs)
             Began as a Hill Orc Hunter on Apr 14, 2022.
             Was a Priest of Hepliaklqana.
             Shot with a bolt by an orc (10 damage)
             ... in a bailey.
             The game lasted 00:44:47 (7523 turns).

Dauddaud the Archer (Hill Orc Hunter)               Turns: 7523, Time: 00:44:48

Health: -5/88      AC: 14    Str: 15    XL:     10   Next: 58%
Magic:  10/10      EV:  5    Int:  9    God:    Hepliaklqana [***...]
Gold:   742        SH:  0    Dex: 18    Spells: 9/9 levels left

rFire   . . .      SeeInvis +   a - +1 shortbow
rCold   . . .      Faith    .   (shield currently unavailable)
rNeg    . . .      Spirit   .   z - +0 plate armour
rPois   +          Reflect  .   e - +0 helmet
rElec   .          Harm     .   (no cloak)
rCorr   .          Rampage  .   (no gloves)
Will    .....      Rnd*Tele +   (no boots)
Stlth   ..........              (no amulet)
HPRegen 0.24/turn               s - ring of poison resistance
MPRegen 0.12/turn               (no ring)

@: no status effects
A: reduced essence, see invisible, robust 1, teleportitis 1, wild magic 1
a: Renounce Religion, Recall Ancestor, Ancestor Identity, Transference


You were in a bailey.
You worshipped Hepliaklqana.
Hepliaklqana was most pleased with you.
You visited 2 branches of the dungeon, and saw 9 of its levels.
You also visited: Bailey.

You collected 742 gold pieces.

Inventory:

Hand Weapons
 a - a +1 shortbow (weapon)
 f - a +0 short sword
 m - a +0 spear
 C - a +0 shortbow
 I - a +5 short sword of freezing
 J - a +0 arbalest
Missiles
 k - 10 poisoned darts
 l - 3 silver boomerangs
Armour
 b - a +0 leather armour
 e - a +0 helmet (worn)
 h - a +0 ring mail
 o - a +0 chain mail
 z - a +0 plate armour (worn)
Magical Staves
 r - a staff of earth
Jewellery
 s - a ring of poison resistance (left hand)
Wands
 E - a wand of digging (3)
Scrolls
 c - 2 scrolls of immolation
 d - a scroll of noise {unknown}
 g - a scroll of acquirement {unknown}
 j - a scroll of torment {unknown}
 q - a scroll of enchant armour {unknown}
 u - a scroll of fog {unknown}
 v - a scroll of magic mapping {unknown}
 w - a scroll of amnesia
 x - 2 scrolls of vulnerability {unknown}
 y - a scroll of brand weapon {unknown}
 D - 2 scrolls of summoning {unknown}
 F - 3 scrolls of identify
 G - a scroll of teleportation {unknown}
 H - a scroll of holy word {unknown}
Potions
 n - a potion of berserk rage
 p - 2 potions of flight
 t - 3 potions of curing
 A - a potion of haste
 B - 2 potions of lignification {unknown}


   Skills:
 + Level 8.0 Fighting
 + Level 11.7 Bows
 + Level 6.6 Armour
 + Level 2.3 Dodging
 + Level 2.2 Stealth


You had 9 spell levels left.
You didn't know any spells.
Your spell library contained the following spells:

 Spells                   Type           Power      Damage    Failure   Level
 Animate Skeleton         Necr           0%         N/A       100%        1
 Apportation              Tloc           0%         N/A       100%        1
 Pain                     Necr           0%         1d4       100%        1
 Summon Small Mammal      Summ           0%         N/A       100%        1
 Blink                    Tloc           0%         N/A       100%        2
 Conjure Flame            Conj/Fire      0%         6-21      100%        3
 Ignite Poison            Fire/Tmut/Pois 0%         N/A       100%        3
 Lesser Beckoning         Tloc           0%         N/A       100%        3
 Sticky Flame             Conj/Fire      0%         2d3       100%        4
 Agony                    Necr           0%         N/A       100%        5
 Excruciating Wounds      Necr           0%         N/A       100%        5
 Manifold Assault         Tloc           0%         N/A       100%        5


Dungeon Overview and Level Annotations

Branches:
Dungeon (8/15)             Temple (1/1) D:4          Bailey (1/1)
   Lair: D:8-11

Altars:
Cheibriados
Dithmenos
Hepliaklqana
Kikubaaqudgha
Ru
Sif Muna
Trog
Vehumet
Wu Jian
Yredelemnul
Zin


Innate Abilities, Weirdness & Mutations

Your life essence is reduced to manifest your ancestor. (-10% HP)
You have supernaturally acute eyesight. (SInv)
You are robust. (+10% HP)
You are occasionally teleported next to monsters.
Your spells are a little harder to cast, but a little more powerful.


Message History

You kill the orc warrior!
You hear a splash. x2
The orc shoots a bolt.
The bolt barely misses you.
The orc shoots a bolt.
The bolt closely misses Audrea.
The bolt hits you.
* * * LOW HITPOINT WARNING * * *
Shoot: a) +1 shortbow
Press: ? - help, Shift-Dir - straight line, f - orc
Aim: an orc, wielding a +0 arbalest and wearing a +0 ring mail (73% to hit)
You shoot an arrow. The arrow barely misses the orc.
The orc shoots a bolt.
The bolt hits you.
* * * LOW HITPOINT WARNING * * *
The orc shoots a bolt.
The bolt hits Audrea!
The orc shoots a bolt.
The bolt hits you but does no damage.
The orc shoots a bolt.
The bolt hits Audrea!
Audrea points at the orc and mumbles some strange words.
The stone arrow hits the orc!
The orc dies!
Shoot: a) +1 shortbow
Press: ? - help, Shift-Dir - straight line, f - orc
Aim: an orc, wielding a +0 arbalest and wearing a +0 scale mail (ally target, 73% to hit)
You shoot an arrow. The arrow hits the orc!
You kill the orc!
A bolt appears from out of your range of vision.
The bolt barely misses Audrea.
You start resting.
An orc comes into view. It is wielding a +0 arbalest.
Shoot: a) +1 shortbow
Press: ? - help, Shift-Dir - straight line, f - orc
Aim: an orc, wielding a +0 arbalest and wearing a +0 ring mail (73% to hit)
You shoot an arrow. The arrow closely misses the orc.
The orc shoots a bolt.
The bolt hits you!
* * * LOW HITPOINT WARNING * * *
Shoot: a) +1 shortbow
Press: ? - help, Shift-Dir - straight line, f/p - orc
Aim: an orc, wielding a +0 arbalest and wearing a +0 ring mail (ally target, 73% to hit)
You shoot an arrow. The arrow barely misses the orc.
The orc shoots a bolt.
The bolt hits you!
* * * LOW HITPOINT WARNING * * *
Audrea barely misses the orc.
The orc shoots a bolt.
The bolt hits you!
You die...

[)≈≈≈≈≈≈## ≈≈)≈≈≈≈≈≈####
####≈≈≈≈≈
≈#.##≈≈≈≈≈≈≈###≈≈≈≈≈≈≈#
##.∩#≈≈≈≈≈≈≈≈≈≈≈≈≈≈≈≈≈#∩
#....≈≈≈≈≈≈≈≈≈≈≈≈≈≈≈)Ro)
##.##≈≈≈≈≈≈≈≈≈≈≈≈≈≈≈≈≈##
≈###≈≈≈≈≈≈≈≈≈≈≈≈≈≈≈≈≈≈≈#
≈≈≈≈≈≈≈≈≈≈≈≈≈≈≈≈≈≈≈≈≈≈≈≈
................@.......
........................
........................
........................
########################


You could see the friendly Audrea the battlemage and an orc (ally target).

Vanquished Creatures
  A two-headed ogre (D:7)
  A black bear (D:6)
  3 orc warriors (Bailey)
  2 bullfrogs
  A scorpion (D:5)
  A wight (D:6)
  A howler monkey (D:7)
  3 iguanas
  Natasha (D:3)
  8 gnolls
  6 adders
  2 white imps
  An ufetubus (D:5)
  3 dart slugs
  22 orcs
  7 endoplasms
  5 giant cockroaches
  7 hobgoblins
  2 jackals (D:2)
  3 kobolds
  A quokka (D:5)
  6 ball pythons
  8 bats
  3 frilled lizards
  2 goblins
  3 rats
103 creatures vanquished.

Vanquished Creatures (collateral kills)
  The ghost of Sekuso the Conjurer, a novice OpCj (D:5)
  A wraith (D:6)
  A wyvern (D:7)
  3 steam dragons
  A water moccasin (D:6)
  3 orc warriors
  2 sky beasts
  2 ice beasts (D:6)
  2 ogres
  2 centaurs
  3 phantoms
  A necrophage (D:5)
  A gnoll sergeant (D:6)
  3 scorpions
  8 wights
  A howler monkey (D:7)
  2 electric eels (D:6)
  2 hounds (D:4)
  A jelly (D:6)
  An iguana (D:6)
  2 orc priests
  Natasha (twice) (D:3)
  3 orc wizards
  8 gnolls
  5 adders
  A shadow imp (D:6)
  2 white imps (D:6)
  An ufetubus (D:4)
  A worm (D:4)
  19 orcs
  3 endoplasms
  4 goblins (D:3)
  A quokka (D:3)
  2 ball pythons
  2 kobolds (D:3)
97 creatures vanquished.

Vanquished Creatures (others)
  A killer bee (D:6)
  4 battlemagi
  An orc (D:7)
  6 fungi (D:5)
  48 plants (D:6)
  8 toadstools
68 creatures vanquished.

Grand Total: 268 creatures vanquished

Notes
Turn   | Place    | Note
-------+----------+-------------------------------------------
     0 | D:1      | Dauddaud the Hill Orc Hunter began the quest for the Orb.
     0 | D:1      | Reached XP level 1. HP: 18/18 MP: 1/1
   113 | D:1      | Reached XP level 2. HP: 23/25 MP: 2/2
   132 | D:1      | Reached skill level 4 in Bows
   442 | D:2      | Reached XP level 3. HP: 30/30 MP: 3/3
   499 | D:2      | Found a faded altar of an unknown god.
   557 | D:2      | Prayed at the altar of an unknown god.
   557 | D:2      | Became a worshipper of Hepliaklqana the Forgotten
   557 | D:2      | Reached * piety under Hepliaklqana
   620 | D:2      | Reached XP level 4. HP: 24/33 MP: 4/4
  1469 | D:3      | Reached ** piety under Hepliaklqana
  1470 | D:3      | Remembered your ancestor Audrea as a battlemage
  1472 | D:3      | Noticed Natasha
  1474 | D:3      | Killed Natasha
  1475 | D:3      | Reached skill level 5 in Bows
  1475 | D:3      | Reached XP level 5. HP: 40/40 MP: 5/5
  1525 | D:3      | Noticed Natasha
  1528 | D:3      | Killed Natasha
  1576 | D:3      | Reached skill level 1 in Armour
  1791 | D:3      | Noticed Natasha
  1796 | D:3      | Killed Natasha
  1797 | D:3      | Reached XP level 6. HP: 46/46 MP: 6/6
  2547 | D:4      | Reached skill level 6 in Bows
  2560 | D:4      | Gained mutation: You are occasionally teleported next to
                  | monsters. [potion of mutation]
  2560 | D:4      | Gained mutation: Your spells are a little harder to cast,
                  | but a little more powerful. [potion of mutation]
  2560 | D:4      | Gained mutation: You have supernaturally acute eyesight.
                  | (SInv) [potion of mutation]
  2560 | D:4      | Gained mutation: You are robust. (+10% HP) [potion of
                  | mutation]
  2639 | D:4      | Reached skill level 1 in Stealth
  2767 | D:4      | Reached XP level 7. HP: 59/59 MP: 7/7
  2944 | D:4      | Found a staircase to the Ecumenical Temple.
  2948 | Temple   | Entered the Ecumenical Temple
  3409 | D:5      | Entered Level 5 of the Dungeon
  3416 | D:5      | Reached skill level 7 in Bows
  3593 | D:5      | Reached skill level 5 in Fighting
  3593 | D:5      | Reached XP level 8. HP: 34/68 MP: 8/8
  3959 | D:5      | Noticed Sekuso's ghost (novice OpCj)
  3961 | D:5      | Found a runed translucent door.
  4124 | D:5      | Reached *** piety under Hepliaklqana
  4461 | D:5      | Killed Sekuso's ghost
  4462 | D:5      | Reached skill level 8 in Bows
  4632 | D:6      | Reached skill level 9 in Bows
  4633 | D:6      | Reached XP level 9. HP: 68/75 MP: 9/9
  4749 | D:6      | Found a radiant altar of Vehumet.
  5074 | D:6      | Reached skill level 10 in Bows
  5696 | D:6      | Found an ornate altar of the Wu Jian Council.
  5696 | D:6      | Found a bloodstained altar of Trog.
  5696 | D:6      | Found a sacrificial altar of Ru.
  5696 | D:6      | Found a shimmering blue altar of Sif Muna.
  5719 | D:6      | Found a snail-covered altar of Cheibriados.
  5719 | D:6      | Found a shadowy altar of Dithmenos.
  6311 | D:7      | Reached skill level 5 in Armour
  6311 | D:7      | Reached XP level 10. HP: 60/84 MP: 10/10
  6319 | D:7      | Reached skill level 11 in Bows
  6921 | D:7      | Noticed a two-headed ogre
  6929 | D:7      | HP: 2/82 [two-headed ogre/+0 giant club (30)]
  6931 | D:7      | Killed a two-headed ogre
  7405 | D:7      | Noticed a six-headed hydra
  7426 | D:8      | Found a flagged portal.
  7436 | Bailey   | Entered a bailey
  7523 | Bailey   | Shot with a bolt by an orc

Illustrated notes

Levels and vault maps discovered:
D:1:      ldierk_walled_garden_2, layout_rooms, minmay_misc_feat_tower
D:2:      cheibrodos_helix_gallery, layout_basic,
          hellmonk_ecumenical_altar_dog_temple
D:3:      layout_basic, uniq_natasha
D:4:      layout_loops_ring, minmay_temple_entry_steel_oval, dk_noncrumbling_2,
          hex_medium, grunt_decor_junction
D:5:      layout_basic, hellmonk_ghost_happy_afterlife, minmay_gold_behind_fungi
D:6:      minmay_polygon_palace, layout_rooms, old_standard_altar,
          minmay_overflow_temple_hex, serial_bayou, serial_bayou_crossing,
          serial_bayou_shore_b, serial_bayou_pond_c, serial_bayou_lagoon_a
D:7:      minmay_the_grid_octo_tiled_octocenter
          [minmay_the_grid_octo_tetromino_candy, minmay_the_grid_octo_chip,
          minmay_the_grid_octo_vomiting_pacman,
          minmay_the_grid_octo_fat_diamond,
          minmay_the_grid_octo_prize_single_spiral,
          minmay_the_grid_square_5x5_z, minmay_the_grid_square_5x5_gyroscope,
          minmay_the_grid_square_5x5_empty,
          minmay_the_grid_square_5x5_two_walls_a], layout_loops_ring,
          nicolae_overflow_squiral
D:8:      layout_loops_cross, makhleb_altar_promises_db, enter_bailey_2
Temple:   nicolae_temple_hex_pool
Bailey:   bailey_polearm_2, bailey

Skill      XL: |  1  2  3  4  5  6  7  8  9 10 |
---------------+-------------------------------+-----
Bows           | 4 5 6 7 9 10 11 | 11.7
Fighting       | 3 4 5 6 8 |  8.0
Dodging        | 2 |  2.3
Armour         | 1 2 4 5 6 |  6.6
Stealth        | 1 2 |  2.2

Action                   |  1- 3 |  4- 6 |  7- 9 | 10-12 || total
-------------------------+-------+-------+-------+-------++-------
 Fire: Shortbow          |    67 |   116 |   198 |    70 ||   451
Invok: Ancestor Life: Ba |       |     1 |       |       ||     1
  Use: Scroll            |       |     3 |     5 |       ||     8
       Potion            |       |     2 |     3 |     2 ||     7
Armor: Leather armour    |     2 |       |       |       ||     2
       Ring mail         |     9 |     2 |       |       ||    11
       Skin              |     1 |       |       |       ||     1
       Chain mail        |       |    37 |    21 |       ||    58
       Plate armour      |       |       |    55 |    36 ||    91
Dodge: Dodged            |    17 |    27 |    31 |    21 ||    96

Table legend: (Time is in decaauts)
 A = Elapsed time spent in this place.
 B = Non-inter-level travel time spent in this place.
 C = Inter-level travel time spent in this place.
 D = Time resting spent in this place.
 E = Time spent auto-exploring this place.
 F = Levels seen in this place.
 G = Mean time per level.
                   A        B        C        D        E       F      G
               +--------+--------+--------+--------+--------+-----+--------+
         Total |   7826 |   7549 |    277 |   1924 |   4341 |  10 |  782.6 |
       Dungeon |   7699 |   7438 |    261 |   1897 |   4318 |   8 |  962.4 |
        Temple |     19 |      3 |     16 |      0 |      1 |   1 |   19.0 |
        Bailey |    107 |    107 |      0 |     27 |     22 |   1 |  107.0 |
               +--------+--------+--------+--------+--------+-----+--------+

Top non-repeatable levels by time:
     D:6: 1788 daAuts
     D:3: 1253 daAuts
     D:7: 1241 daAuts
     D:5: 1140 daAuts
     D:4: 923 daAuts
     D:2: 914 daAuts
     D:1: 425 daAuts
  Bailey: 107 daAuts
  Temple: 19 daAuts
     D:8: 11 daAuts
